 Dungeon Crawl Stone Soup version 0.18-a0-1413-g4eaa9ac (webtiles) character file.

112 Ijustatesigmund the Skirmisher (level 4, -2/33 HPs)
             Began as an Octopode Transmuter on Feb 25, 2016.
             Slain by an orc
             ... wielding a +0 hand axe
              (4 damage)
             ... on level 3 of the Dungeon.
             The game lasted 00:05:09 (1969 turns).

Ijustatesigmund the Skirmisher (OpTm)               Turns: 1969, Time: 00:05:09

Health: -2/33      AC:  1    Str:  9    XL:     4   Next: 93%
Magic:  6/7        EV: 12    Int: 16    God:
Gold:   137        SH:  0    Dex: 12    Spells: 3 memorised, 0 levels left

rFire  . . .     SeeInvis .       - Unarmed
rCold  . . .     Gourm    .     (no shield)
rNeg   . . .     Faith    .     (helmet restricted)
rPois  .         Spirit   .     (no amulet)
rElec  .         Dismiss  .     (no ring)
rCorr  .         Reflect  .     (no ring)
SustAt .         Harm     .     (no ring)
MR     .....                    (no ring)
Stlth  ++........               (no ring)
                                (no ring)
                                (no ring)
                                (no ring)

@: appendage, not resistant to hostile enchantments, unstealthy
A: almost no armour, amphibious, 8 rings, constrict 8, tentacle spike 3,
camouflage 1, gelatinous body 1
a: End Transformation


You were on level 3 of the Dungeon.
You were not hungry.
One of your tentacles had a temporary spike.
You visited 1 branch of the dungeon, and saw 3 of its levels.

You collected 137 gold pieces.

Inventory:

Missiles
 a - 35 arrows
Scrolls
 j - a scroll of amnesia
 k - a scroll of remove curse
 l - a scroll of enchant weapon
Potions
 e - 2 potions of curing
 f - 2 potions of berserk rage {unknown}
 h - a potion of cancellation
Books
 b - a book of Changes

   Spells                             Type                      Level
   a - Beastly Appendage              Transmutation                1
   b - Sticks to Snakes               Transmutation                2
   c - Spider Form                    Transmutation/Poison         3
   d - Ice Form                       Ice/Transmutation            4
   e - Blade Hands                    Transmutation                5
Comestibles
 c - 2 bread rations
 g - a royal jelly
 i - a beef jerky


   Skills:
 * Level 3.7 Fighting
 - Level 2.0 Dodging
 + Level 3.6 Unarmed Combat
 - Level 2.0 Spellcasting
 - Level 2.0 Transmutations
 + Level 1.1 Ice Magic


You couldn't memorise any spells.
You knew the following spells:

 Your Spells              Type           Power        Failure   Level  Hunger
a - Beastly Appendage     Trmt           #.....       10%         1    #......
b - Sticks to Snakes      Trmt           #.......     14%         2    ###....
c - Ice Form              Ice/Trmt       #.......     91%         4    #####..


Dungeon Overview and Level Annotations

Branches:
Dungeon (3/15)

Altars:


Innate Abilities, Weirdness & Mutations

You cannot wear most types of armour.
You are amphibious.
You can wear up to eight rings at the same time.
You can use your tentacles to constrict eight enemies at once.
Your skin changes colour to match your surroundings (Stealth).
Your rubbery body absorbs attacks (AC +1).
One of your tentacles bears a large vicious spike.


Message History

The orc hits you with a hand axe.
A kobold and an orc come into view.
Casting: Beastly Appendage
Confirm with . or Enter, or press ? or * to list all spells.
One of your tentacles grows a vicious spike.
The orc shouts!
The kobold shouts!
The kobold hits you with a short sword.
* * * LOW HITPOINT WARNING * * *
The kobold moves out of view.
The orc moves out of view.
The orc hits you with a hand axe.
* * * LOW HITPOINT WARNING * * *
The orc wizard mumbles some strange words.
The orc wizard flickers and vanishes!
Deactivating autopickup; reactivate with Ctrl-A.
There is a stone staircase leading down here.
You tentacle-slap the orc. You grab the orc.
The orc is lightly wounded.
You constrict the orc, but do no damage.
The orc hits you with a hand axe.
You die...

#.##...# #.#.<..+
#.#....####.#
#....(......#
#....(..#####
#..#(........
######..(....#####.#
.....#.(...........#
...........o@......#
###.##.K............
# #o###########.#
#..).....#
#...K.##.# #..o...
#....... o.....###
.......+


You could see 2 orcs and a kobold.

Vanquished Creatures
  An orc priest (D:3)
  An adder (D:2)
  5 worms (D:2)
  A dart slug (D:2)
  2 giant geckos (D:1)
  6 bats
  4 giant cockroaches
  4 goblins
  8 hobgoblins
  2 jackals (D:2)
  6 kobolds
  4 quokkas
  A giant newt (D:1)
  7 rats
52 creatures vanquished.

Notes
Turn   | Place    | Note
--------------------------------------------------------------
     0 | D:1      | Ijustatesigmund the Octopode Transmuter began the quest for the Orb.
     0 | D:1      | Reached XP level 1. HP: 13/13 MP: 3/3
   404 | D:1      | Reached XP level 2. HP: 16/19 MP: 5/5
   408 | D:1      | Learned a level 2 spell: Sticks to Snakes
   736 | D:1      | Reached XP level 3. HP: 20/25 MP: 6/6
  1618 | D:2      | Reached XP level 4. HP: 20/31 MP: 7/7
  1626 | D:2      | Learned a level 4 spell: Ice Form
  1961 | D:3      | Reached skill level 1 in Ice Magic
  1962 | D:3      | HP: 1/33 [orc/hand axe (5)]
  1969 | D:3      | Slain by an orc

Vault maps used:
D:1:      ncdulo_lavacross
D:2:      serial_bayou_pond_d
D:3:      first_bread

Skill      XL: |  1  2  3  4 |
---------------+-------------+-----
Fighting       | 2 3 |  3.7
Ice Magic      | 1 |  1.1
Dodging        | |  2.0
Unarmed Combat | |  3.6
Spellcasting   | |  2.0
Transmutations | |  2.0

Action                   |  1- 3 |  4- 6 || total
-------------------------+-------+-------++-------
Melee: Unarmed           |    99 |    28 ||   127
 Cast: Beastly Appendage |     4 |     1 ||     5
  Use: Scroll            |     9 |       ||     9
       Potion            |       |     1 ||     1
 Stab: Sleeping          |     7 |     1 ||     8
  Eat: Chunk             |     1 |     1 ||     2
       Beef jerky        |     1 |       ||     1
